AoeStats
← RenHar

Black Forest

507517956Analyzed
2v2 RM · 13d ago on Sep 18, 2026· 54m 2s· 4 players
Game mode
Random Map
Map size
Medium (4 player)
Population
200
Speed
Normal
Resources
Standard
Victory
Conquest
Starting age
Dark Age
Ending age
Imperial Age
RankedLock teamsTeams togetherTeam positionsShared explorationLock speedFull tech treeHidden civsTurbo modeCheats
Victory
Defeat
🇧🇷 Celts · Brazil
877
+17
🇦🇷 Khmer · Argentina
866
+17
🇸🇪 Franks · Sweden
911
-18
🇨🇴 Byzantines · Colombia
868
-16
RenHar
6:25 Loom
14:15 Feudal Age
19:37 Castle Age
18:29 Double-Bit Axe
18:41 Horse Collar
19:43 Gold Mining
20:50 Bow Saw
27:07 Stone Mining
30:50 Imperial Age
31:05 Imperial Age
29:20 Wheelbarrow
28:30 Town Watch
29:24 Wheelbarrow
29:54 Gold Shaft Mining
30:04 Stone Shaft Mining
29:33 Tusk Swords
29:50 Fletching
31:23 Murder Holes
32:17 Ballistics
34:30 Chemistry
34:16 Hand Cart
34:02 Town Patrol
34:27 Bodkin Arrow
34:46 Masonry
34:55 Siege Engineers
35:01 Heavy Plow
35:58 Herbal Medicine
36:21 Devotion
35:51 Elite Ballista Elephant
37:41 Bracer
39:21 Forging
39:29 Pikeman
41:25 Scale Mail Armor
42:01 Iron Casting
42:03 Halberdier
43:34 Chain Mail Armor
44:29 Blast Furnace
45:45 Hoardings
45:12 Double Crossbow
46:05 Arson
46:59 Conscription
thenoobmaster-69
0:30 Loom
13:15 Feudal Age
13:43 Double-Bit Axe
13:42 Horse Collar
15:28 Wheelbarrow
24:51 Castle Age
32:19 Stone Mining
32:20 Gold Mining
31:59 Light Cavalry
34:50 Forging
34:31 Fletching
34:42 Scale Mail Armor
34:59 Hand Cart
34:53 Caravan
35:14 Town Watch
37:20 Gold Shaft Mining
37:20 Stone Shaft Mining
36:52 Heavy Plow
37:07 Bow Saw
37:43 Fortified Wall
39:35 Town Patrol
39:53 Chain Mail Armor
43:09 Imperial Age
41:32 Stronghold
42:56 Padded Archer Armor
42:52 Bodkin Arrow
43:32 Iron Casting
44:30 Conscription
44:19 Heavy Scorpion
44:20 Capped Ram
47:28 Elite Woad Raider
49:55 Furor Celtica
53:38 Chemistry
deiwersmith
1:25 Loom
1:31 Loom
13:11 Feudal Age
14:34 Man-at-Arms
15:52 Scale Mail Armor
22:12 Castle Age
20:25 Double-Bit Axe
21:01 Stone Mining
22:33 Long Swordsman
23:00 Gambesons
23:47 Squires
32:23 Gold Mining
33:08 Stone Shaft Mining
32:36 Pikeman
34:29 Horse Collar
35:44 Bow Saw
36:34 Gold Shaft Mining
36:34 Stone Shaft Mining
36:29 Arson
45:40 Imperial Age
43:45 Wheelbarrow
45:05 Greek Fire
46:01 Gold Shaft Mining
45:29 Heavy Plow
48:40 Hand Cart
48:52 Forging
48:57 Chain Mail Armor
49:07 Conscription
49:17 Scale Barding Armor
50:46 Crop Rotation
mati
1:24 Loom
2:04 Loom
11:54 Feudal Age
13:09 Double-Bit Axe
19:39 Castle Age
22:00 Bow Saw
22:53 Wheelbarrow
23:25 Stone Mining
24:11 Hand Cart
24:34 Gold Mining
27:58 Caravan
29:22 Gold Shaft Mining
30:28 Squires
29:49 Pikeman
34:14 Imperial Age
33:12 Scale Barding Armor
33:18 Forging
32:58 Fletching
33:52 #83
36:16 Husbandry
35:54 Cavalier
36:35 Town Watch
37:49 Chain Barding Armor
38:05 Iron Casting
38:02 Town Patrol
37:50 Paladin
40:15 Plate Barding Armor
43:05 Blast Furnace
42:01 Bodkin Arrow
42:43 Elite Throwing Axeman
43:26 Chivalry
45:03 Chemistry
44:23 Ballistics
43:49 Arrowslits
44:15 Masonry
48:45 Padded Archer Armor
48:45 Scale Mail Armor
50:19 Hoardings
50:05 Conscription
54:04 Chain Mail Armor
Connection lost

Rejoining the realm…

Still unreachable

The connection could not be restored.

Session expired

The server has moved on; the page needs a fresh start.